 Dungeon Crawl Stone Soup version 0.22.1-2-g9c5b331383 (webtiles) character file.

6715 Marnok the Spear-Bearer (level 11, -20/68 HPs)
             Began as a Tengu Berserker on Dec 7, 2018.
             Was an Elder of Trog.
             Demolished by a minotaur
             ... wielding a +0 glaive
              (27 damage)
             ... in a labyrinth on Dec 8, 2018.
             The game lasted 00:58:49 (12320 turns).

Marnok the Spear-Bearer (Tengu Berserker)          Turns: 12320, Time: 00:58:50

Health: -20/68     AC:  6    Str: 17 (19) XL:     11   Next: 4%
Magic:  12/12      EV: 22    Int:  9      God:    Trog [****..]
Gold:   409        SH:  0    Dex: 20 (22) Spells: 10/10 levels left

rFire    . . .     SeeInvis .   a - +1 spear
rCold    . . .     Gourm    +   (no shield)
rNeg     + . .     Faith    .   A - +0 troll leather armour
rPois    .         Spirit   .   (helmet restricted)
rElec    .         Reflect  .   o - +0 cloak
rCorr    .         Harm     .   (no gloves)
MR       +....                  (boots unavailable)
Stlth    ++++......             l - amulet of the gourmand
HPRegen  0.61/turn              h - ring of protection from magic
MPRegen  0.13/turn              t - ring "Xodaak" {rN+ Dex+3}

@: agile
A: beak, talons 3, screaming 1, wild magic 1, able to fly 1
a: Fly, Berserk, Trog's Hand, Brothers in Arms, Renounce Religion


You were in a labyrinth.
You worshipped Trog.
Trog was greatly pleased with you.
You were not hungry.

You visited 2 branches of the dungeon, and saw 11 of its levels.
You also visited: Labyrinth.

You collected 409 gold pieces.

Inventory:

Hand Weapons
 a - a +1 spear (weapon)
 i - a +2 dagger of venom
 j - a cursed -2 falchion
 m - a +3 quarterstaff of chaos
 q - a +0 dagger of protection
 C - a +0 war axe of flaming
 D - a +1 dagger of draining
 M - the +5 hunting sling of the Unseen Realm {speed, rPois rF- MR++}
   (You took it off an orc warrior on level 7 of the Dungeon)

   Attacks with this weapon are significantly faster.
   It makes you vulnerable to fire.
   It protects you from poison.
   It affects your resistance to hostile enchantments.
 O - a +0 flail of holy wrath
Missiles
 g - 16 tomahawks
 k - 3 poisoned tomahawks (quivered)
Armour
 d - the +0 helmet of Muttered Phrases {SInv, unknown}
   (You found it on level 8 of the Dungeon)

   It lets you see invisible.
 n - a +1 leather armour of cold resistance
 o - a +0 cloak (worn)
 A - a +0 troll leather armour (worn)
 E - a +0 robe of positive energy
 H - a +1 chain mail of fire resistance
 P - the +4 leather armour of Durhy {*Contam rElec rPois rF+ rCorr, unknown}
   (You found it on level 9 of the Dungeon)

   It protects you from fire.
   It insulates you from electricity.
   It protects you from poison.
   It causes magical contamination when unequipped.
   It provides partial protection from all sources of acid and corrosion.
Jewellery
 f - an uncursed ring of ice
 h - a ring of protection from magic (left hand)
 l - an amulet of the gourmand (around neck)
 t - the ring "Xodaak" (right hand) {rN+ Dex+3}
   (You found it on level 6 of the Dungeon)

   [ring of positive energy]

   It affects your dexterity (+3).
   It protects you from negative energy.
 u - an uncursed ring of protection from magic
Wands
 b - a wand of scattershot (6)
 c - a wand of polymorph (12)
 p - a wand of random effects (17)
 y - a wand of iceblast (13)
 K - a wand of enslavement (9)
Scrolls
 s - 5 scrolls of teleportation
 w - 3 scrolls of remove curse
 z - a scroll of immolation
 F - 3 scrolls of identify
 G - 2 scrolls of enchant weapon
 Q - a scroll of noise {unknown}
Potions
 v - 3 potions of haste
 x - 6 potions of curing
 I - a potion of brilliance
Comestibles
 r - 21 rations


   Skills:
 + Level 7.8 Fighting
 + Level 11.7 Polearms
 + Level 8.0 Armour
 + Level 6.5 Dodging
 + Level 5.8 Stealth


You had 10 spell levels left.
You didn't know any spells.
Your spell library was empty.

Dungeon Overview and Level Annotations

Branches:
Dungeon (10/15)            Temple (0/1) D:4            Lair (1/6) D:9
    Orc: D:9-12

Altars:
Ashenzari
Fedhas
Hepliaklqana
Makhleb
Qazlal
Ru
Sif Muna
Uskayaw
Xom
The Shining One

Shops:
D:9 [


Innate Abilities, Weirdness & Mutations

You have a beak for a mouth.
You have claws for feet.
You can fly.
You occasionally shout uncontrollably at your foes.
Your spells are a little harder to cast, but a little more powerful.


Message History

You hear the creaking of ancient gears!
You open the door.
A minotaur comes into view. It is wielding a glaive.
Found a crystal ball of energy, a robe, a chain mail and a sparkling book.
The minotaur bellows!
The minotaur hits you with a glaive!
The minotaur gores you but does no damage.
Found an escape hatch in the ceiling.
There is an open door, spattered with blood here.
You fail to use your ability.
The minotaur completely misses you. The minotaur misses you.
Wield which item (- for none, * to show all)? (? for menu, Esc to quit)
Okay, then.
You feel agile all of a sudden. The minotaur hits you with a glaive!!!
Ouch! That really hurt!
The minotaur gores you!
* * * LOW HITPOINT WARNING * * *
The minotaur hits you from afar with a glaive!!
You die...

# . #8<8# ##
#..#:.[# #
..#..#8.8#
#.###.. [.}#
#...#..#8.8#
###.##.#...#
#....#8.8#
########.##H##.##
#........@......#
#.#########....##
..#.#.# .#.#.# #
#.#...# # ### #


You could see a minotaur.

Vanquished Creatures
  A two-headed ogre (D:9)
  A gargoyle (D:9)
  A komodo dragon (D:9)
  A troll (D:9)
  Sigmund (D:3)
  A vampire (D:9)
  Grum (D:8)
  2 wargs (D:9)
  4 ice beasts
  5 orc warriors
  2 sky beasts
  A black bear (D:9)
  5 ogres
  A phantom (D:9)
  A necrophage (D:7)
  3 wolves (D:8)
  3 centaurs
  2 bullfrogs
  A big kobold (D:9)
  8 scorpions
  A howler monkey (D:9)
  2 crimson imps
  2 bullfrog zombies
  Crazy Yiuf (D:3)
  5 hounds
  10 orc wizards
  A quasit (D:8)
  7 orc priests
  A centaur skeleton (D:4)
  An iguana (D:4)
  7 worker ants
  A hound zombie (D:6)
  A hound skeleton (D:7)
  2 worker ant zombies
  3 gnolls (D:5)
  A howler monkey zombie (D:6)
  12 adders
  A shadow imp (D:9)
  An ooze (D:6)
  An adder skeleton (D:8)
  2 adder zombies
  4 worms
  5 dart slugs
  6 leopard geckos
  25 orcs
  5 giant cockroaches
  7 goblins
  8 hobgoblins
  17 jackals
  10 kobolds
  A quokka (D:3)
  6 bats
  6 frilled lizards
  A leopard gecko skeleton (D:7)
  2 quokka zombies
  9 rats
220 creatures vanquished.

Vanquished Creatures (collateral kills)
  A hydra (Lair:1)
  A hound (D:8)
  2 orc priests (D:9)
  An iguana (D:8)
5 creatures vanquished.

Grand Total: 225 creatures vanquished

Notes
Turn   | Place    | Note
-------+----------+-------------------------------------------
     0 | D:1      | Marnok the Tengu Berserker began the quest for the Orb.
     0 | D:1      | Reached XP level 1. HP: 14/14 MP: 2/2
    70 | D:1      | Reached XP level 2. HP: 13/19 MP: 3/3
   534 | D:1      | Reached XP level 3. HP: 15/23 MP: 4/4
   653 | D:2      | Reached skill level 4 in Polearms
  1676 | D:2      | Reached ** piety under Trog
  1712 | D:2      | Reached XP level 4. HP: 9/28 MP: 5/5
  1720 | D:2      | Gained mutation: You occasionally shout uncontrollably at
                  | your foes. [potion of mutation]
  1720 | D:2      | Gained mutation: You are partially covered in molten
                  | scales. (AC +2) [potion of mutation]
  1720 | D:2      | Lost mutation: You are partially covered in molten scales.
                  | (AC +2) [potion of mutation]
  1720 | D:2      | Gained mutation: Your spells are a little harder to cast,
                  | but a little more powerful. [potion of mutation]
  2242 | D:3      | Reached skill level 5 in Polearms
  2447 | D:3      | Gained mutation: You can fly. [Tengu growth]
  2447 | D:3      | Reached XP level 5. HP: 33/33 MP: 6/6
  2551 | D:3      | Reached skill level 1 in Stealth
  2622 | D:3      | Reached *** piety under Trog
  2633 | D:3      | Noticed Sigmund
  2644 | D:3      | Killed Sigmund
  2644 | D:3      | Reached skill level 6 in Polearms
  2644 | D:3      | Reached XP level 6. HP: 33/38 MP: 7/7
  3203 | D:3      | Found a runed door.
  3207 | D:3      | Noticed Crazy Yiuf
  3214 | D:3      | Killed Crazy Yiuf
  3475 | D:4      | Reached XP level 7. HP: 31/44 MP: 8/8
  4012 | D:4      | Found a blossoming altar of Fedhas.
  4261 | D:4      | Reached skill level 7 in Polearms
  4884 | D:4      | Found a staircase to the Ecumenical Temple.
  4942 | D:4      | Reached XP level 8. HP: 16/48 MP: 9/9
  5165 | D:4      | Found a hazy altar of Hepliaklqana.
  5258 | D:5      | Entered Level 5 of the Dungeon
  5319 | D:5      | Reached **** piety under Trog
  5327 | D:5      | Reached skill level 5 in Fighting
  6304 | D:5      | Reached skill level 8 in Polearms
  6406 | D:5      | Found a glowing golden altar of the Shining One.
  6474 | D:6      | Got an ancient golden ring
  6629 | D:6      | Reached skill level 5 in Dodging
  6883 | D:6      | Reached XP level 9. HP: 31/55 MP: 10/10
  7382 | D:6      | Reached skill level 9 in Polearms
  7697 | D:6      | Found a burning altar of Makhleb.
  7698 | D:6      | Found a deep blue altar of Sif Muna.
  7698 | D:6      | Found a shimmering altar of Xom.
  7698 | D:6      | Found a shattered altar of Ashenzari.
  7699 | D:6      | Found a hide-covered altar of Uskayaw.
  7790 | D:8      | Identified the ring "Xodaak" {rN+ Dex+3} (You found it on
                  | level 6 of the Dungeon)
  8052 | D:7      | Reached skill level 5 in Stealth
  8476 | D:7      | Reached ***** piety under Trog
  8868 | D:7      | Got a transparent hunting sling
  9228 | D:7      | Reached skill level 5 in Armour
  9331 | D:8      | Noticed Grum
  9342 | D:8      | Killed Grum
  9342 | D:8      | Reached skill level 10 in Polearms
  9351 | D:8      | Reached XP level 10. HP: 59/60 MP: 11/11
  9701 | D:8      | Identified the +5 hunting sling of the Unseen Realm {speed,
                  | rPois rF- MR++} (You took it off an orc warrior on level 7
                  | of the Dungeon)
  9755 | D:8      | Found a stormy altar of Qazlal.
  9881 | D:8      | Got a crude helmet
 10125 | D:9      | Found a staircase to the Lair.
 10474 | D:9      | Found Wicon's Antique Armour Shoppe.
 10571 | D:10     | Entered Level 10 of the Dungeon
 10637 | D:9      | Found a sacrificial altar of Ru.
 10700 | D:9      | Got a faintly glowing leather armour
 10727 | D:9      | Noticed a two-headed ogre
 10738 | D:9      | Killed a two-headed ogre
 10738 | D:9      | Reached skill level 11 in Polearms
 11270 | D:9      | Noticed a gargoyle
 11301 | D:9      | Killed a gargoyle
 11450 | Lair:1   | Entered Level 1 of the Lair of Beasts
 11456 | Lair:1   | Noticed a spiny frog
 11467 | Lair:1   | Noticed a five-headed hydra
 11474 | Lair:1   | Killed a five-headed hydra
 11474 | Lair:1   | Reached XP level 11. HP: 29/68 MP: 12/12
 11509 | Lair:1   | Found a labyrinth entrance.
 11518 | Lab      | Entered a labyrinth
 12315 | Lab      | Noticed a minotaur
 12320 | Lab      | Demolished by a minotaur

Skill      XL: |  1  2  3  4  5  6  7  8  9 10 |
---------------+-------------------------------+-----
Polearms       | 4 5 6 7 8 10 11 | 11.7
Dodging        | 3 4 5 6 |  6.5
Stealth        | 1 2 3 4 5 |  5.8
Fighting       | 4 5 6 7 |  7.8
Armour         | 3 4 5 8 |  8.0

Action                   |  1- 3 |  4- 6 |  7- 9 | 10-12 || total
-------------------------+-------+-------+-------+-------++-------
Melee: Spear             |    63 |   151 |   398 |   195 ||   807
       Kick              |    15 |    40 |   126 |    92 ||   273
       Peck              |     8 |    30 |    85 |    55 ||   178
Invok: Berserk           |       |     2 |     8 |     5 ||    15
       Brothers in Arms  |       |       |     1 |     3 ||     4
Evoke: Wand              |       |       |       |     1 ||     1
  Use: Scroll            |     5 |     6 |     6 |     1 ||    18
       Potion            |       |     6 |     2 |     7 ||    15
 Stab: Sleeping          |       |     3 |     7 |     1 ||    11
       Distracted        |       |       |     1 |       ||     1
  Eat: Ration            |     1 |       |     5 |     2 ||     8
       Chunk             |       |     7 |    10 |    10 ||    27
Armor: Animal skin       |     6 |       |       |       ||     6
       Robe              |     6 |     7 |       |       ||    13
       Leather armour    |       |    26 |    28 |       ||    54
       Chain mail        |       |       |    42 |    30 ||    72
       Troll leather arm |       |       |       |    12 ||    12
Dodge: Dodged            |    39 |    82 |   162 |   102 ||   385
